[Event "*** Titled Tuesday Blitz"]
[Site "Chess.com"]
[Date "2020.04.21"]
[Round "1"]
[White "plumalka"]
[Black "VincentKeymer"]
[Result "1-0"]
[WhiteElo "2405"]
[BlackElo "2727"]
[TimeControl "180+1"]
[EndTime "10:09:14 PDT"]
[Termination "plumalka won by resignation"]

1. e4 e6 2. d4 d5 3. Nc3 Bb4 4. Qd3 dxe4 5. Qxe4 Nf6 6. Qh4 O-O 7. Bg5 h6 8. Bxf6 Qxf6 9. Qxf6 gxf6 10. O-O-O Nd7 11. g4 c5 12. Nb5 cxd4 13. Nxd4 Ne5 14. h3 Ng6 15. Nge2 e5 16. Nf5 Ne7 17. Neg3 Nxf5 18.
gxf5 Rb8 19. Rg1 Kh8 20. Bc4 Be7 21. Rde1 b5 22. Bd3 Bb7 23. Nh5 a6 24. f4 Bf3 25.
Be2 Bd5 26. fxe5 fxe5 27. f6 Bc5 28. Rg7 e4 29. Bg4 Rfe8 30. Nf4 Bxa2 31. Bf5 Re5 32. Bg6 e3 33. Bxf7 Bxf7 34. Rxf7 Rg8 35. Nd3 Rd5 36.
Nxc5 Rxc5 37. Rxe3 Rg1+ 38. Kd2 Rg2+ 39. Re2 Rxe2+ 40. Kxe2 Rxc2+ 41. Kd3 Rxb2 42. Ra7 Kg8 43. Ke4 Ra2 44. Kf5 a5 45. Kg6 Rg2+ 46. Kxh6 a4 47. Rb7 a3 48. Rxb5 a2 49. Ra5 Kf7 50. Ra6 Rh2 51.
Kg5 Rg2+ 52. Kf5 Rf2+ 53. Kg5 Re2 54. Kf5 Rf2+ 55. Ke4 Rg2 56. Kf3 Rh2 57. h4 Rc2 58. h5 Rh2 59. Kg4 Rg2+ 60. Kf5 Rh2 61. Kg5 Rg2+ 62.
Kh6 Rh2 63. Kg5 Rf2 64. h6 Rg2+ 65. Kf5 Rf2+ 66. Kg4 Rg2+ 67. Kf3 Rh2 68. Kg3 Rxh6 69. Rxa2 Rg6+ 70. Kf4 Rxf6+ 71. Ke5 Re6+ 72. Kd5 Re7 73. Rf2+ Ke8 74. Kd6 Rd7+ 75. Ke6 Rb7 76. Rh2 Rb6+ 77.
Kd5 Kd7 78. Kc5 Rd6 79. Rh7+ Ke6 80. Rh6+ Ke5 81. Rxd6 Ke4 82. Rd5 1-0

[Event "*** Titled Tuesday Blitz"]
[Site "Chess.com"]
[Date "2020.04.21"]
[Round "1"]
[White "amiralfio"]
[Black "chenxiaoyuer"]
[Result "1-0"]
[WhiteElo "2526"]
[BlackElo "2125"]
[TimeControl "180+1"]
[EndTime "10:09:14 PDT"]
[Termination "amiralfio won by resignation"]

1. Nf3 Nf6 2. c4 g6 3. b3 Bg7 4. Bb2 O-O 5. g3 d6 6. d4 b6 7. Bg2 Bb7 8. O-O Nbd7 9. Nc3 e5 10. dxe5 dxe5 11. Qd2 Qe7 12. Rfd1 Rfd8 13. Nd5 Nxd5 14. cxd5 e4 15. Nd4 Nf6 16. Qf4 Bxd5 17.
Nb5 c6 18. Nc7 Nh5 19. Nxd5 Rxd5 20. Qc1 Rxd1+ 21. Qxd1 Bxb2 22. Rb1 Bg7 23. Qc2 c5 24. Bxe4 Rd8 25. Bf3 g5 26. Bxh5 Qd6 27. Bf3 Qe6 28. Rd1 Rxd1+ 29. Qxd1 Bd4 30. e3 Be5 31. Qd8+ Kg7 32.
Qxg5+ Kf8 33. Qd8+ Kg7 34. Qd2 Qf6 35. Kg2 b5 36. Qd3 a6 37. Be4 h6 38. h4 Qe6 39.
Qe2 c4 40. bxc4 bxc4 41. Bc2 Bf6 42. Qf3 c3 43. Qe2 Qd6 44. Qg4+ Kh8 45. Qe4 Kg7 46.
Qh7+ Kf8 47. Qxh6+ Ke7 48. Qh7 Qd2 49. Qe4+ Kf8 50.
h5 Kg7 51. Qh7+ Kf8 52. h6 Ke7 53. Qd3 Kf8 54. g4 Qxd3 55. Bxd3 Bg5 56. h7 Kg7 57. f4 Be7 58. Kf3 Bb4 59. Ke2 Ba3 60. Kd1 Bb2 61.
Kc2 Ba3 62. Bxa6 Bc5 63. Bd3 Bxe3 64. Kxc3 Bxf4 65. a4 Be3 66. Bf5 Ba7 67. Kc4 Bg1 68.
Kb5 Ba7 69. a5 Bg1 70. a6 Ba7 71. Kc6 Bg1 72. Kb7 Be3 73. a7 Bxa7 74. Kxa7 f6 75. Kb6 Kh8 76. Kc6 Kg7 77. Kd6 Kh8 78. Ke6 Kg7 79. Ke7 Kh8 80. Ke6 Kg7 81. Bd3 Kh8 82. Kf7 f5 83. gxf5 Kxh7 84. f6+ Kh8 85. Ke7 Kg8 86.
f7+ Kg7 1-0

[Event "*** Titled Tuesday Blitz"]
[Site "Chess.com"]
[Date "2020.04.21"]
[Round "1"]
[White "SCIM"]
[Black "silverback96"]
[Result "1/2-1/2"]
[WhiteElo "2539"]
[BlackElo "2171"]
[TimeControl "180+1"]
[EndTime "10:09:19 PDT"]
[Termination "Game drawn - insufficient material"]

1. d4 Nf6 2. c4 c5 3. d5 b5 4. cxb5 a6 5. bxa6 g6 6. Nc3 Bxa6 7. e4 Bxf1 8. Kxf1 d6 9. Nf3 Bg7 10. g3 O-O 11. Kg2 Qb6 12. a4 Na6 13. Qe2 Nc7 14. Ra3 Rfb8 15. b3 Nd7 16. Nd1 Qb4 17. Ne1 Nb5 18. Nc2 Nd4 19. Nxd4 Bxd4 20. Ne3 Ne5 21. Nc2 Qb6 22. f4 Nd7 23. h4 Bg7 24. h5 Qb7 25.
hxg6 hxg6 26. Ne3 e6 27. Bb2 Nf6 28. Bxf6 Bxf6 29. Nc4 exd5 30. Nxd6 Qb4 31. Ra2 Qxb3 32. e5 Bg7 33. e6 f6 34. e7 d4 35. e8=Q+ Rxe8 36. Nxe8 Qd5+ 37. Kh2 d3 38. Qe7 Qxa2+ 39. Kh3 Qf7 40. Qxf7+ Kxf7 41. Nd6+ Ke6 42. Ne4 Kd5 43. Nc3+ Kc4 44. Ne4 Rxa4 45. Rc1+ Kd4 46. Nxc5 d2 47. Nb3+ Kd3 48. Rd1 Kc2 49. Rxd2+ Kxb3 50. Rd7 Bf8 51. Rf7 Bc5 52. Rxf6 Bf2 53. Rxg6 Ra3 54. Rc6 Kb4 55.
Rg6 Kb5 56. Kh4 Kc5 57. Rg5+ Kd6 58. Kh3 Ke6 59. Kg2 Be3 60. Kh3 Bd4 61. Kg4 Bf6 62. Rg6 Kf7 63. Rh6 Kg7 64. Rh5 Kg6 65. Rb5 Bd4 66. Rd5 Bf2 67. Rd6+ Kg7 68. Kf5 Bxg3 69. Rd7+ Kf8 70. Kf6 Ra6+ 71. Kf5 Ra4 72. Kg4 Bxf4 73. Rd8+ Ke7 74. Rd3 Ke6 75. Kf3 Be5 76. Rb3 Kf5 77.
Rd3 Rf4+ 78. Ke2 Bd4 79. Rf3 Ke4 80. Rxf4+ Kxf4 1/2-1/2

[Event "*** Titled Tuesday Blitz"]
[Site "Chess.com"]
[Date "2020.04.21"]
[Round "1"]
[White "regular_legs"]
[Black "picturesquecheck"]
[Result "0-1"]
[WhiteElo "2539"]
[BlackElo "2192"]
[TimeControl "180+1"]
[EndTime "10:09:28 PDT"]
[Termination "picturesquecheck won by resignation"]

1. d4 Nf6 2. c4 e6 3. Nc3 d5 4. cxd5 exd5 5. Bg5 c6 6. e3 Bf5 7. Qf3 Bg6 8. Bxf6 Qxf6 9. Qxf6 gxf6 10. Nf3 Bd6 11. Nh4 Nd7 12. Ne2 O-O-O 13. Ng3 Bb4+ 14. Kd1 Nf8 15. Nhf5 Ne6 16. Rc1 Kb8 17. Bd3 h5 18. h4 Ba5 19. Ke2 Bc7 20. Rhd1 Rhg8 21. Kf3 Rde8 22. Ne2 Ng7 23. Neg3 Nxf5 24. Nxf5 Re4 25. Ng3 Rxh4 26. Rh1 Rxh1 27. Rxh1 Bxg3 28. Bxg6 fxg6 29. Kxg3 Kc7 30. Kf4 Kd6 31. g4 Rh8 32. gxh5 Rxh5 33. Rg1 Rh6 34. a3 Ke6 35. b4 Rh4+ 36. Kf3 g5 37. a4 Rh3+ 38. Ke2 Rh7 39. Rc1 Rc7 40. Kf3 Rh7 41. Rc5 Rh3+ 42. Kg2 Rh4 43. b5 Kd6 44. bxc6 bxc6 45. Ra5 Rh7 46. Kg3 Rb7 47. Kg4 Ke6 48. Rc5 Kd6 49. Kf5 Rb2 50. f3 Rf2 51. Kxf6 Rxf3+ 52. Kxg5 Rxe3 53. Ra5 Re4 54. Rxa7 Rxd4 55. Kf5 Rb4 56.
a5 Kc5 57. Ke5 Re4+ 58. Kf5 Kb5 59. Ra8 Ra4 60. Ke5 Rxa5 61. Rc8 Ra7 62. Kd4 Ra4+ 63. Ke5 Kc5 64. Rb8 Re4+ 65. Kf5 Kd4 66. Rb1 Kc5 67.
Rd1 Rc4 68. Ke5 Re4+ 69. Kf5 Re2 70. Kf4 Kd6 71. Kf3 Re6 72. Kf4 c5 73. Kf3 d4 74.
Ra1 Kd5 75. Kf2 Re3 76. Ra8 Kc4 77. Rc8 Re5 78. Kf1 d3 79. Kf2 Kd4 80. Rd8+ Kc3 0-1

[Event "*** Titled Tuesday Blitz"]
[Site "Chess.com"]
[Date "2020.04.21"]
[Round "1"]
[White "Ind1anStar"]
[Black "Lysiak_Poltorak"]
[Result "0-1"]
[WhiteElo "2617"]
[BlackElo "2322"]
[TimeControl "180+1"]
[EndTime "10:09:29 PDT"]
[Termination "Lysiak_Poltorak won by resignation"]

1. c4 f5 2. g3 Nf6 3. Bg2 d6 4.
Nc3 e6 5. Nf3 Be7 6. O-O O-O 7.
d3 Nc6 8. Rb1 a5 9. a3 e5 10. b4 axb4 11. axb4 Qe8 12. e3 Nd8 13.
Nd2 Nf7 14. Bb2 Ng5 15. f4 Nf7 16. h3 Be6 17. Ra1 Rxa1 18. Bxa1 c6 19. b5 Qd7 20.
Kh2 Ra8 21. Bb2 d5 22. bxc6 bxc6 23. cxd5 cxd5 24. fxe5 Nxe5 25. Qe2 Bd6 26. Ra1 Rxa1 27. Bxa1 h5 28. Kh1 Ng6 29. Nf1 Qc7 30. Nb5 Qb6 31.
Nxd6 Qxd6 32. Bxf6 gxf6 33. Qxh5 Kg7 34. Kh2 d4 35. e4 f4 36. Qe2 Nh4 37. e5 fxg3+ 38.
Nxg3 Qxe5 39. Qxe5 fxe5 40. Be4 Kf6 41. Nh1 Bf5 42.
Nf2 Ng6 43. Kg3 Nf4 44. Kf3 Bxh3 45. Nxh3 Nxh3 46. Bc6 Ng5+ 47. Kg4 Ne6 48. Bb5 Nc5 49.
Bc4 Nd7 50. Bd5 Nb6 51. Be4 Na4 52. Bc6 Nb2 53. Bb5 Nd1 54. Ba6 Nf2+ 55. Kf3 Nd1 56.
Kg4 Nc3 57. Bc4 e4 58. dxe4 Ke5 59. Kf3 Nxe4 60. Ke2 Nd6 61. Ba6 Kd5 62. Bd3 Kc5 63. Kd2 Nb7 64. Be2 Na5 65. Bd3 Nb3+ 66. Kc2 Kb4 67.
Be4 Nc5 68. Bd3 Ne6 69. Kd2 Nf4 70. Kc2 Ng2 71. Kd2 Ne3 72. Ke2 Kc3 73. Be4 Nc4 74. Bd3 Ne5 75. Bf5 Nc6 76. Bh7 Ne7 77. Bd3 Nd5 78.
Bh7 Nf4+ 79. Kf3 Ne6 80. Ke2 Nc5 81. Bf5 Nb3 82. Bg6 Nc1+ 83. Kd1 Nd3 84. Ke2 Nf4+ 85. Kd1 Nxg6 0-1

[Event "*** Titled Tuesday Blitz"]
[Site "Chess.com"]
[Date "2020.04.21"]
[Round "1"]
[White "Forantes"]
[Black "bakki78"]
[Result "1-0"]
[WhiteElo "2433"]
[BlackElo "2778"]
[TimeControl "180+1"]
[EndTime "10:09:37 PDT"]
[Termination "Forantes won on time"]

1. Nf3 g6 2. d4 Nf6 3. g3 Bg7 4.
Bg2 O-O 5. O-O c6 6. c4 d6 7. Nc3 Bf5 8. Qb3 Qb6 9. Re1 Nbd7 10. e4 Bg4 11. Be3 Qxb3 12. axb3 Bxf3 13. Bxf3 c5 14.
Bg2 Ng4 15. dxc5 Nxe3 16. Rxe3 Nxc5 17. Nd5 e6 18. Nc7 Rac8 19. Nb5 Bxb2 20. Rxa7 Rfd8 21. e5 Bxe5 22. Bxb7 Nxb7 23. Rxb7 Bf6 24. Rd3 d5 25. Kg2 dxc4 26. Rxd8+ Rxd8 27. bxc4 Kf8 28. c5 Rd2 29. c6 Be5 30. c7 Bxc7 31. Rxc7 Rd5 32. Nc3 Rd4 33. Ne2 Rd2 34. Nf4 h5 35. Nh3 Rd5 36. f4 Rd2+ 37. Nf2 Kg7 38. Kf3 Ra2 39. Rd7 Kf8 40. h3 Ra3+ 41. Rd3 Ra1 42. Ne4 Rf1+ 43. Ke2 Rh1 44. g4 hxg4 45. hxg4 Rg1 46. Rg3 Ra1 47. Rd3 f5 48. Ng5 fxg4 49. Nxe6+ Ke7 50. Ng5 Kf6 51.
Ke3 Re1+ 52. Kf2 Ra1 53. Kg3 Rg1+ 54. Kf2 Ra1 55. Rd5 Ra3 56. Ne4+ Ke7 57. Re5+ Kf7 58. Rg5 Rf3+ 59. Kg2 Rxf4 60. Nf2 Kf6 61. Ra5 Rd4 62. Kg3 Ke7 63. Nxg4 Rb4 64. Rg5 Kf7 65. Ne5+ Kf6 66. Nf3 Re4 67. Ra5 Rb4 68. Ra6+ Kf5 69. Nh4+ Ke4 70.
Rxg6 Rb3+ 71. Kg4 Rb1 72. Ng2 Rf1 73. Re6+ Kd4 74. Nf4 Rg1+ 75. Kf3 Rf1+ 76. Kg3 Rg1+ 77. Kf2 Ra1 78. Ne2+ Kd5 79. Re3 Ra2 80. Kf3 Ra8 81. Nf4+ Kd6 82. Re6+ Kc5 83. Ke4 Ra1 84. Ne2 Ra4+ 85.
Ke5 Ra3 86. Kf4 Ra4+ 87. Kf3 Ra3+ 88. Ke4 Ra4+ 89. Kd3 Rh4 90. Re5+ Kd6 91. Rg5 Rh3+ 92. Ng3 Ke6 93. Kd4 Rh4+ 94. Ne4 1-0

[Event "*** Titled Tuesday Blitz"]
[Site "Chess.com"]
[Date "2020.04.21"]
[Round "1"]
[White "Xeniya2005"]
[Black "GracefulYear"]
[Result "1-0"]
[WhiteElo "2256"]
[BlackElo "2577"]
[TimeControl "180+1"]
[EndTime "10:09:41 PDT"]
[Termination "Xeniya2005 won by resignation"]

1. e4 c6 2. d4 d5 3. exd5 cxd5 4.
Bd3 Nf6 5. c3 Nc6 6. Bf4 Bg4 7.
Qb3 Qc8 8. Nd2 e6 9. Ngf3 Be7 10. O-O O-O 11. h3 Bh5 12. Rae1 Bg6 13. Bxg6 hxg6 14.
Qc2 a6 15. Bh2 b5 16. a3 Na5 17. Ne5 Nc4 18. Ndxc4 bxc4 19. Bg3 Ne4 20. Bf4 Ra7 21. f3 Nd6 22. g4 Rb7 23. Rf2 Bh4 24. Rfe2 Bxe1 25.
Rxe1 Ne8 26. h4 Nf6 27. Qh2 Rd8 28. Bg5 Qb8 29. Re2 Nd7 30. Bxd8 Nxe5 31. Qxe5 Qxd8 32.
Qg3 Qf6 33. Kg2 Kf8 34. Qd6+ Qe7 35. Qg3 Qc7 36. f4 Qb8 37. Qf2 Qc8 38. Kh3 a5 39. Kg3 a4 40. Qe3 Qb8 41. Qf2 Rb3 42. Kg2 Qc8 43. Kg3 Qc7 44. Qe3 Qb6 45. Qf2 Kg8 46.
Rc2 Kh7 47. Re2 Qd6 48. Kg2 Rb7 49. Qe3 Qb6 50. Qe5 Qc7 51. Qxc7 Rxc7 52. Kg3 Rb7 53. Kf3 Kg8 54. Kg3 Kf8 55. Kf3 Ke7 56. Kg3 Kd6 57.
Kf3 f6 58. Kg3 Re7 59. Kf3 Re8 60. Re3 Rh8 61. Kg3 Rb8 62. Re2 Rb7 63. Kf3 Re7 64.
Re3 Rb7 65. Re2 Rb8 66. Kg3 Re8 67. Kf3 e5 68. dxe5+ fxe5 69. fxe5+ Ke6 70. Kf4 Rf8+ 71. Kg5 Rf1 72. Kxg6 Rg1 73. g5 Rh1 74. h5 Rg1 75. h6 gxh6 76. Kxh6 Kf5 77. e6 Rxg5 78. e7 Rg8 79. e8=Q Rxe8 80. Rxe8 Kf4 81. Ra8 Ke4 82. Rxa4 Kd3 83. Rb4 d4 84. cxd4 Kxd4 85. b3 Kd3 86.
Rxc4 Kd2 87. a4 1-0

[Event "*** Titled Tuesday Blitz"]
[Site "Chess.com"]
[Date "2020.04.21"]
[Round "1"]
[White "EmmaChess"]
[Black "FeketeBarika"]
[Result "0-1"]
[WhiteElo "2585"]
[BlackElo "2271"]
[TimeControl "180+1"]
[EndTime "10:09:42 PDT"]
[Termination "FeketeBarika won by resignation"]

1. Nf3 e6 2. g3 Nf6 3. Bg2 d5 4. O-O c5 5. d3 Nc6 6. Nbd2 Be7 7.
e4 O-O 8. Re1 Rb8 9. a4 a6 10. e5 Nd7 11. h4 Qc7 12. Qe2 b6 13. h5 h6 14. c3 b5 15. axb5 axb5 16. Nf1 Bb7 17. N1h2 b4 18. Ng4 Kh7 19. Qd2 Na5 20.
Nxh6 Nb3 21. Ng5+ Bxg5 22. Qxg5 Nxc1 23. Nxf7 Rxf7 24. Qg6+ Kg8 25. h6 Nf8 26. h7+ Nxh7 27. Raxc1 Nf8 28. Qg4 bxc3 29. bxc3 c4 30. d4 Bc6 31.
Re3 Be8 32. Bh3 Qe7 33. Rf1 Rb2 34. f4 Qa3 35. Rf2 Rxf2 36. Kxf2 Qb2+ 37. Qe2 Qxe2+ 38. Kxe2 Ra7 39. Kf3 g6 40. g4 Kf7 41. f5 gxf5 42.
gxf5 exf5 43. Bxf5 Ne6 44. Kg4 Ke7 45. Rf3 Bf7 46.
Bxe6 Bxe6+ 47. Kg5 Ra8 48. Kh6 Rg8 49. Kh7 Rg4 50. Kh6 Rg2 51. Kh5 Rd2 52. Rf1 Rd3 53. Rc1 Rg3 54. Kh4 Rh3+ 55. Kg5 Rg3+ 56. Kf4 Rg4+ 57. Kf3 Kf7 58. Ra1 Kg6 59. Ra6 Kf5 60.
Rxe6 Rf4+ 61. Kg3 Re4 62. Rf6+ Kg5 63. Rf3 Re2 64. Rf2 Re3+ 65. Rf3 Re2 66. Rf8 Re3+ 67.
Kf2 Rxc3 68. e6 Rc2+ 69. Ke1 Rc3 70. Kd2 Rd3+ 71. Ke2 Rxd4 72. Re8 Re4+ 73. Kf3 Kf5 74. Rf8+ Kxe6 75. Rc8 Kd6 76. Ra8 Re6 77. Ra5 Ke5 78. Ra1 Rf6+ 79. Ke3 Rh6 80. Ke2 Rh3 81. Rg1 d4 82. Rg5+ Kf4 83. Rc5 c3 84. Rc8 Ke4 85.
Re8+ Kd5 86. Kd1 Kc4 87. Kc1 Kd3 88. Re1 Rh2 89. Rd1+ Kc4 90. Rg1 d3 91. Rd1 0-1

[Event "*** Titled Tuesday Blitz"]
[Site "Chess.com"]
[Date "2020.04.21"]
[Round "1"]
[White "Justinz"]
[Black "7Madman"]
[Result "0-1"]
[WhiteElo "2284"]
[BlackElo "2616"]
[TimeControl "180+1"]
[EndTime "10:09:47 PDT"]
[Termination "7Madman won on time"]

1. e4 c6 2. d4 d5 3. e5 Bf5 4. h4 a6 5. g4 Bd7 6. h5 Qc8 7. f3 f6 8. exf6 exf6 9. Bf4 Bb4+ 10. c3 Ba5 11. Nd2 Ne7 12. Bd3 Bc7 13. Ne2 O-O 14. Qc2 f5 15. O-O-O h6 16. g5 Bxf4 17.
Nxf4 hxg5 18. Ng6 Nxg6 19. hxg6 Rf6 20. Nb3 Rxg6 21. Nc5 Qc7 22. Nxd7 Nxd7 23. Bxf5 Rf6 24. Bg4 Nf8 25. Rde1 c5 26. dxc5 Qxc5 27. Kb1 Rd8 28. Re5 Qd6 29. Rxg5 d4 30. cxd4 g6 31. d5 Kg7 32. Qc3 Re8 33. a3 Nh7 34. Rxh7+ Kxh7 35. Be6 Qf4 36. Re5 Kg7 37. Re3 Qg5 38. Ka2 Qf4 39.
Rd3 Rd8 40. Qb3 b5 41. Qc3 Qc4+ 42. Qxc4 bxc4 43. Rc3 Rf4 44. b3 cxb3+ 45. Kxb3 Kf6 46. Rc6 Rxf3+ 47. Kb4 Rf4+ 48. Ka5 g5 49. Rxa6 Ke5 50.
Ra7 Rf3 51. a4 Kf4 52. Rg7 Rg3 53. Kb6 Rb8+ 54. Kc7 Rb4 55. a5 Ra3 56. Rf7+ Kg3 57.
Rh7 g4 58. Rg7 Rxa5 59. Kd6 Kf3 60. Ke7 g3 61. d6 Ra7+ 62. d7 Rd4 63. Rg8 Kg2 64.
Rb8 Kf2 65. Ke8 g2 66. Rb2+ Kg3 67. Rb1 Kh2 68. d8=Q Rxd8+ 69. Kxd8 Rg7 70. Ke8 Rg3 71. Kf8 Rf3+ 72. Kg7 Rf1 73. Rb2 Kh1 74. Rxg2 Kxg2 75. Bg8 Kg3 76. Kh8 Kf4 77. Bh7 Kg5 78. Bg8 Rf6 79.
Bh7 Ra6 80. Bg8 Kf6 81. Bh7 Ra7 82. Bg8 Rb7 83. Bh7 Kf7 84. Bg8+ Kf8 85. Bh7 Rb6 86. Bg8 Rh6+ 87. Bh7 Rf6 88. Bg8 Rd6 89. Bh7 Kf7 90.
Bg8+ Kg6 91. Bh7+ Kf6 92. Bg8 Rd5 93. Bh7 Rh5 94. Kg8 Kg5 95. Kh8 Kh6 96. Bg8 Rg5 97. Bh7 Rg4 0-1

[Event "*** Titled Tuesday Blitz"]
[Site "Chess.com"]
[Date "2020.04.21"]
[Round "1"]
[White "BlackWidow515"]
[Black "TheRigos"]
[Result "0-1"]
[WhiteElo "2068"]
[BlackElo "2513"]
[TimeControl "180+1"]
[EndTime "10:09:49 PDT"]
[Termination "TheRigos won by checkmate"]

1. e4 c5 2. Nf3 d6 3. d4 cxd4 4. Nxd4 Nf6 5. Nc3 a6 6. Be3 e5 7.
Nb3 Be6 8. Be2 Be7 9. O-O Nbd7 10. a4 O-O 11. a5 Qc7 12. f3 Rac8 13. Bd3 Rfd8 14.
Na4 d5 15. Nb6 Rb8 16. Nxd7 Rxd7 17. Bb6 Qc6 18. exd5 Nxd5 19. Qe1 Nxb6 20. axb6 Bxb3 21. Qxe5 Qc5+ 22. Qxc5 Bxc5+ 23. Kh1 Be6 24. f4 Bxb6 25. f5 Bd5 26. f6 Bd4 27. fxg7 Kxg7 28. Ra4 Bc6 29. Rb4 a5 30. Rc4 h5 31. Rf5 Re8 32.
Rg5+ Kh6 33. h4 Re5 34. Rxd4 Rxd4 35. Rxe5 Rxh4+ 36. Kg1 Rg4 37. Re2 a4 38. Rf2 h4 39.
Kh2 Rg3 40. Bf1 Kg7 41. Rf4 Re3 42. Rxh4 Re1 43. Rf4 Rb1 44. Bc4 f6 45. b3 a3 46.
Rg4+ Kf8 47. Rg8+ Ke7 48. Rg7+ Kd6 49. b4 Rxb4 50. Bg8 Rb2 51. Rg3 a2 52. Rd3+ Kc5 53. Ra3 Bd5 54. Ra5+ b5 55. Bxd5 Kxd5 56. Kg3 Rxc2 57.
Kh4 Rxg2 58. Kh3 Rb2 59. Ra6 Kc4 60. Kg4 b4 61. Kf5 b3 62. Kxf6 Rb1 63. Ke5 a1=N 64. Rc6+ Kb4 65. Rb6+ Kc3 66. Rc6+ Kb2 67. Kd4 Nc2+ 68.
Ke4 Re1+ 69. Kf3 Re3+ 70. Kf2 Rc3 71. Rb6 Nd4 72. Ke1 Kc2 73. Ra6 b2 74. Kf2 b1=Q 75.
Kg2 Qd1 76. Ra2+ Kd3 77. Rf2 Qg4+ 78. Kh2 Nf3+ 79. Rxf3+ Qxf3 80. Kg1 Rc1+ 81. Kh2 Rh1# 0-1

[Event "*** Titled Tuesday Blitz"]
[Site "Chess.com"]
[Date "2020.04.21"]
[Round "1"]
[White "JakubPulpan"]
[Black "ahachess"]
[Result "1-0"]
[WhiteElo "2706"]
[BlackElo "2369"]
[TimeControl "180+1"]
[EndTime "10:10:03 PDT"]
[Termination "JakubPulpan won on time"]

1. e4 c5 2. Nf3 d6 3. d4 cxd4 4. Nxd4 Nf6 5. Nc3 g6 6. Be3 Bg7 7. f3 h5 8. Qd2 a6 9. Bc4 Qc7 10.
Bb3 Nbd7 11. Nd5 Nxd5 12. Bxd5 Nf6 13. Bb3 b5 14. a4 bxa4 15. Bxa4+ Bd7 16. O-O O-O 17.
Bxd7 Nxd7 18. Bh6 Bxh6 19. Qxh6 Qb6 20. Qe3 Rfb8 21. Qf2 Rc8 22. Nb3 Rxc2 23. Qxb6 Nxb6 24. Rf2 Rxf2 25. Kxf2 Nc4 26. Na5 Nxa5 27. Rxa5 Rb8 28. Rxa6 Rxb2+ 29. Kg3 Kg7 30. h4 Rd2 31. Ra7 Kf6 32.
Rd7 Ke6 33. Rd8 d5 34. exd5+ Rxd5 35. Ra8 Kf6 36. Ra6+ Rd6 37. Ra7 e5 38. Ra2 Ke6 39. Ra8 f5 40. Re8+ Kf6 41. Rb8 f4+ 42. Kh2 Rd2 43.
Kh3 Rd1 44. Kh2 Kg7 45. Rb7+ Kf6 46. Rb8 Re1 47. Rf8+ Kg7 48. Re8 Kf7 49. Ra8 Kf6 50. Rf8+ Kg7 51. Rc8 e4 52. fxe4 Rxe4 53. Rc7+ Kf6 54.
Rc6+ Kf5 55. Rc5+ Kf6 56. Rc6+ Kf5 57. Kh3 Re3+ 58. Kh2 Re1 59. Rc5+ Kf6 60. Rc4 Kf5 61. Rc5+ Re5 62. Rc8 Kf6 63. Rf8+ Kg7 64. Rxf4 g5 65. Ra4 gxh4 66. Kh3 Kg6 67. Kxh4 Re6 68. g3 Re5 69. Ra6+ Kg7 70. Rd6 Kh7 71. Rf6 Kg7 72. Rb6 Kh7 73. Kh3 Kg7 74. Kg2 Kh7 75. Kf3 Rd5 76. Kf4 Rc5 77. Rf6 Kg7 78. Rf5 1-0

[Event "*** Titled Tuesday Blitz"]
[Site "Chess.com"]
[Date "2020.04.21"]
[Round "2"]
[White "Munkhzul_Turmunkh"]
[Black "temus_galaktionov"]
[Result "1-0"]
[WhiteElo "2443"]
[BlackElo "2751"]
[TimeControl "180+1"]
[EndTime "10:11:42 PDT"]
[Termination "Munkhzul_Turmunkh won by resignation"]

1. e4 c6 2. d4 g6 3. Nc3 Bg7 4. Nf3 d6 5. Be2 Nd7 6. O-O e5 7. a4 Ngf6 8. h3 O-O 9. dxe5 dxe5 10. Bc4 Qe7 11. b3 Rd8 12. Ba3 Nc5 13. Bxc5 Qxc5 14.
Qxd8+ Bf8 15. Qxf6 1-0

[Event "*** Titled Tuesday Blitz"]
[Site "Chess.com"]
[Date "2020.04.21"]
[Round "2"]
[White "2L8IWUN"]
[Black "DACF2905"]
[Result "1-0"]
[WhiteElo "2424"]
[BlackElo "2159"]
[TimeControl "180+1"]
[EndTime "10:11:42 PDT"]
[Termination "2L8IWUN won by resignation"]

1. Nf3 Nf6 2. b3 g6 3. g3 Bg7 4. Bb2 O-O 5. Bg2 c5 6. O-O Nc6 7. c4 b6 8. Nc3 Bb7 9. d4 cxd4 10. Nxd4 Rc8 11. Rc1 d6 12. Re1 Qc7 13. Nd5 Qb8 14. Nxc6 Bxc6 15. Nxe7+ Kh8 16. Nxc6 1-0

[Event "*** Titled Tuesday Blitz"]
[Site "Chess.com"]
[Date "2020.04.21"]
[Round "2"]
[White "raviteja81293"]
[Black "Mfcyryd"]
[Result "1-0"]
[WhiteElo "2785"]
[BlackElo "2540"]
[TimeControl "180+1"]
[EndTime "10:12:06 PDT"]
[Termination "raviteja81293 won by resignation"]

1. d4 Nf6 2. Nf3 e6 3. e3 b6 4. Bd3 Bb7 5. O-O c5 6. c4 cxd4 7. exd4 d5 8. Nc3 Be7 9. cxd5 Nxd5 10. Ne5 O-O 11. Qg4 Nxc3 12. bxc3 Nc6 13. Bh6 Bf6 14. Qe4 g6 15. Nxc6 Qe8 16. d5 1-0

[Event "*** Titled Tuesday Blitz"]
[Site "Chess.com"]
[Date "2020.04.21"]
[Round "2"]
[White "szefru"]
[Black "Yurovskykh_Oleksandr"]
[Result "0-1"]
[WhiteElo "2131"]
[BlackElo "2624"]
[TimeControl "180+1"]
[EndTime "10:12:16 PDT"]
[Termination "Yurovskykh_Oleksandr won by resignation"]

1. e4 d5 2. exd5 Qxd5 3. Nc3 Qd8 4. d4 Nf6 5. Be2 c6 6. Be3 Bf5 7. Qd2 e6 8. O-O-O Bb4 9. f3 Nd5 10. Bg5 Qa5 11. Bc4 Nxc3 12. bxc3 Bxc3 0-1

[Event "*** Titled Tuesday Blitz"]
[Site "Chess.com"]
[Date "2020.04.21"]
[Round "2"]
[White "bakki78"]
[Black "KrakenBeast"]
[Result "1-0"]
[WhiteElo "2779"]
[BlackElo "2348"]
[TimeControl "180+1"]
[EndTime "10:12:25 PDT"]
[Termination "bakki78 won by resignation"]

1. e4 c5 2. c3 Nf6 3. e5 Nd5 4. Na3 Nc6 5. Nf3 d6 6. exd6 e6 7. Nc4 Bxd6 8. Nxd6+ Qxd6 9. d4 cxd4 10. Nxd4 O-O 11. Be2 Rd8 12. Nxc6 bxc6 13. O-O c5 14. c4 Nb4 15. Qxd6 Rxd6 16. Be3 Nc2 17. Bxc5 Rc6 18. Rad1 Bb7 19. b4 1-0

[Event "*** Titled Tuesday Blitz"]
[Site "Chess.com"]
[Date "2020.04.21"]
[Round "2"]
[White "Schachmalanders"]
[Black "Sanan_Sjugirov"]
[Result "0-1"]
[WhiteElo "2354"]
[BlackElo "2842"]
[TimeControl "180+1"]
[EndTime "10:12:37 PDT"]
[Termination "Sanan_Sjugirov won by resignation"]

1. e4 c5 2. Nc3 d6 3. g3 g6 4. Bg2 Bg7 5. Nge2 Nc6 6. d3 Rb8 7. Be3 b5 8. Qd2 b4 9. Nd1 e6 10. O-O Nge7 11. Bh6 O-O 12. Bxg7 Kxg7 13. Ne3 a5 14. f4 f5 15. d4 Ba6 16. d5 exd5 17.
exf5 d4 18. Nd5 Nxd5 19. Bxd5 Ne7 20. Bf3 Nxf5 21. Rfe1 Qf6 22. Rad1 Rbe8 23. Kg2 Ne3+ 0-1

[Event "*** Titled Tuesday Blitz"]
[Site "Chess.com"]
[Date "2020.04.21"]
[Round "2"]
[White "YPradafah"]
[Black "MilanJeremic"]
[Result "1-0"]
[WhiteElo "2479"]
[BlackElo "2243"]
[TimeControl "180+1"]
[EndTime "10:12:43 PDT"]
[Termination "YPradafah won by resignation"]

1. d4 d5 2. Bf4 Nf6 3. e3 c6 4. c3 Bf5 5. Nd2 Nbd7 6. Ngf3 Bg4 7. Qb3 Qb6 8. Bd3 Bxf3 9. Nxf3 e6 10. O-O Be7 11.
Qc2 O-O 12. Ne5 Rad8 13. c4 dxc4 14. Nxc4 Qa5 15. Nxa5 1-0

[Event "*** Titled Tuesday Blitz"]
[Site "Chess.com"]
[Date "2020.04.21"]
[Round "2"]
[White "Raja3401"]
[Black "Riptide27"]
[Result "1-0"]
[WhiteElo "2698"]
[BlackElo "2480"]
[TimeControl "180+1"]
[EndTime "10:12:46 PDT"]
[Termination "Raja3401 won by resignation"]

1. e4 c5 2. Nf3 e6 3. d4 cxd4 4. Nxd4 a6 5. Bd3 Qb6 6. Be3 Qxb2 7. Nd2 Qb6 8. O-O Qc7 9. f4 Nf6 10. Kh1 Bc5 11. e5 Nd5 12. Bg1 Nc6 13. Nxe6 dxe6 14. Bxc5 Nxe5 15. fxe5 Qxc5 16. Ne4 1-0

[Event "*** Titled Tuesday Blitz"]
[Site "Chess.com"]
[Date "2020.04.21"]
[Round "2"]
[White "adriangschnitzer"]
[Black "pawnwonder"]
[Result "1-0"]
[WhiteElo "2427"]
[BlackElo "2164"]
[TimeControl "180+1"]
[EndTime "10:13:13 PDT"]
[Termination "adriangschnitzer won by resignation"]

1. e4 c5 2. Nf3 Nc6 3. d4 cxd4 4.
Nxd4 g6 5. c4 Bg7 6. Be3 Nf6 7.
Nc3 O-O 8. Be2 d6 9. O-O Bd7 10. h3 Nxd4 11. Bxd4 Bc6 12. Qc2 Rc8 13. Rad1 a6 14.
b3 b5 15. c5 dxc5 16. Bxf6 Qc7 17. Bxg7 Kxg7 18. Nd5 Bxd5 19. Rxd5 e6 20. Rd2 h5 21. Rfd1 1-0

[Event "*** Titled Tuesday Blitz"]
[Site "Chess.com"]
[Date "2020.04.21"]
[Round "2"]
[White "BvsN"]
[Black "HashtagChess"]
[Result "1-0"]
[WhiteElo "2361"]
[BlackElo "1641"]
[TimeControl "180+1"]
[EndTime "10:13:16 PDT"]
[Termination "BvsN won by resignation"]

1. d4 Nf6 2. c4 e6 3. Nc3 d5 4.
cxd5 Nxd5 5. e4 Nxc3 6. bxc3 c5 7. a3 Be7 8. Nf3 O-O 9. Bd3 Nc6 10. d5 exd5 11. exd5 Nb8 12. O-O Nd7 13. Bf4 Nf6 14. d6 Nh5 15. dxe7 Qxe7 16. Bd6 1-0

[Event "*** Titled Tuesday Blitz"]
[Site "Chess.com"]
[Date "2020.04.21"]
[Round "2"]
[White "Rozum_Ivan"]
[Black "IMAghasiyevKamal"]
[Result "0-1"]
[WhiteElo "2732"]
[BlackElo "2533"]
[TimeControl "180+1"]
[EndTime "10:13:22 PDT"]
[Termination "IMAghasiyevKamal won by resignation"]

1. Nf3 Nf6 2. c4 e6 3. Nc3 d5 4. d4 Be7 5. g3 O-O 6. Bg2 c6 7. O-O Nbd7 8. b3 b6 9. Qd3 Bb7 10. e4 dxe4 11. Nxe4 Nxe4 12. Qxe4 Nf6 13. Qe2 c5 14.
dxc5 bxc5 15. Bb2 Qb6 16. Rfd1 a5 17. Ne5 Bxg2 18. Kxg2 a4 19. Nd7 Nxd7 0-1